 Dungeon Crawl Stone Soup version 0.23.2-11-gf996548c65 (webtiles) character file.

Game seed: 2392089783718819153

2439 Nattfarinn the Spear-Bearer (level 9, -2/82 HPs)
             Began as a Minotaur Fighter on June 4, 2019.
             Was an Initiate of Okawaru.
             Slain by a two-headed ogre
             ... wielding a +0 dire flail
              (17 damage)
             ... on level 7 of the Dungeon.
             The game lasted 00:09:41 (6228 turns).

Nattfarinn the Spear-Bearer (Minotaur Fighter)      Turns: 6228, Time: 00:09:41

Health: -2/82      AC:  9    Str: 24    XL:     9   Next: 25%
Magic:  8/8        EV: 12    Int:  5    God:    Okawaru [......]
Gold:   221        SH: 10    Dex: 12    Spells: 8/8 levels left

rFire    . . .     SeeInvis .   a - +0 trident
rCold    . . .     Gourm    .   c - +0 shield
rNeg     . . .     Faith    .   b - +0 scale mail
rPois    .         Spirit   .   (helmet restricted)
rElec    .         Reflect  .   F - scarf {repulsion}
rCorr    .         Harm     .   y - +0 pair of gloves
MR       .....                  (no boots)
Stlth    ..........             (no amulet)
HPRegen  0.23/turn              B - +5 ring of evasion
MPRegen  0.11/turn              p - +2 ring of strength

@: marked, repel missiles
A: retaliatory headbutt, horns 2
a: Renounce Religion


You were on level 7 of the Dungeon.
You worshipped Okawaru.
Okawaru was noncommittal.
You were hungry.

You visited 2 branches of the dungeon, and saw 8 of its levels.

You collected 357 gold pieces.
You spent 136 gold pieces at shops.

Inventory:

Hand Weapons
 a - a +0 trident (weapon)
Armour
 b - a +0 scale mail (worn)
 c - a +0 shield (worn)
 y - a +0 pair of gloves (worn)
 F - a scarf of repulsion (worn)
Jewellery
 m - an uncursed ring of stealth
 p - a +2 ring of strength (right hand)
 x - an uncursed ring of stealth
 B - a +5 ring of evasion (left hand)
Wands
 n - a wand of paralysis (8)
 o - a wand of random effects (24)
Scrolls
 g - 2 scrolls of teleportation {unknown}
 k - a scroll of amnesia {unknown}
 l - 6 scrolls of remove curse
 q - 2 scrolls of enchant armour {unknown}
 r - 11 scrolls of identify
 t - a scroll of blinking {unknown}
 u - a scroll of fog
 w - 2 scrolls of fear {unknown}
 z - 2 scrolls of magic mapping {unknown}
 E - a scroll of random uselessness {unknown}
Potions
 d - 3 potions of might
 e - 3 potions of lignification {unknown}
 h - 3 potions of flight {unknown}
 i - a potion of resistance {unknown}
 j - a potion of brilliance {unknown}
 s - 2 potions of agility
 v - a potion of heal wounds {unknown}
 A - 5 potions of curing {unknown}
 C - a potion of magic {unknown}
Comestibles
 f - 8 rations


   Skills:
 + Level 8.3 Fighting
 * Level 10.7 Polearms
 + Level 8.3 Armour
 - Level 3.6 Shields


You had 8 spell levels left.
You didn't know any spells.
Your spell library contained the following spells:

 Spells                   Type           Power        Failure   Level  Hunger
 Shock                    Conj/Air       #...         99%         1    ##.....
 Swiftness                Chrm/Air       #.......     100%        2    ###....
 Static Discharge         Conj/Air       #.......     100%        3    ####...
 Airstrike                Air            #.........   100%        4    #####..
 Lightning Bolt           Conj/Air       #.........   100%        5    ######.


Dungeon Overview and Level Annotations

Branches:
Dungeon (7/15)             Temple (1/1) D:4

Altars:
Cheibriados
Elyvilon
Gozag
Hepliaklqana
Kikubaaqudgha
Makhleb
Nemelex Xobeh
Okawaru
Qazlal
Ru
Trog
Uskayaw
Vehumet
Wu Jian
Xom
Yredelemnul
Zin

Shops:
D:5 :   D:6 [*[?


Innate Abilities, Weirdness & Mutations

You reflexively headbutt those who attack you in melee.
You have a pair of horns on your head.


Message History

The two-headed ogre is severely wounded.
The two-headed ogre hits you with a +0 dire flail!!
The two-headed ogre hits you with a cursed +0 giant spiked club!!
* * * LOW HITPOINT WARNING * * *
You are too injured to fight recklessly!
You are too injured to fight recklessly!
You are too injured to fight recklessly!
You are too injured to fight recklessly!
You are too injured to fight recklessly!
You are too injured to fight recklessly!
You are too injured to fight recklessly!
You are too injured to fight recklessly!
You are too injured to fight recklessly!
You barely miss the two-headed ogre.
The two-headed ogre is severely wounded.
You puncture the two-headed ogre!
Your headbutt misses the two-headed ogre.
The two-headed ogre is severely wounded.
The two-headed ogre hits you with a +0 dire flail!
You die...

#### ... ... #.# # #
#.# #.# #.#####.###
#.# #....O@...# ..
#..####..## #
#.#.##..# #..# #
#.#.##..# #..#
######.#.##..# #..#
.......#.##..####..##
#......#.##..#......#
#.####.#.##..#.##.###
.....#.#.##..#.##.###


You could see a two-headed ogre.

Vanquished Creatures
  Grinder (D:6)
  Duvessa (D:4)
  A water moccasin (D:5)
  2 phantoms
  3 sky beasts
  A centaur (D:5)
  Blork the orc (D:6)
  2 bullfrogs (D:6)
  A gnoll sergeant (D:5)
  Dowan (D:4)
  A water moccasin zombie (D:7)
  A scorpion (D:5)
  A wight (D:6)
  5 howler monkeys
  A centaur zombie (D:6)
  5 crimson imps
  2 centaur skeletons (D:4)
  An orc priest (D:4)
  4 orc wizards
  A bullfrog skeleton (D:6)
  Natasha (thrice) (D:2)
  2 worker ants
  A hound zombie (D:4)
  A mummy (D:6)
  4 gnolls (D:5)
  A howler monkey zombie (D:5)
  10 adders
  A shadow imp (D:6)
  An adder skeleton (D:7)
  A worm (D:3)
  A dart slug (D:1)
  5 leopard geckos
  29 orcs
  A ball python (D:2)
  4 bats
  3 giant cockroaches
  8 goblins
  5 hobgoblins
  3 jackals (D:6)
  7 kobolds
  4 quokkas
  6 frilled lizards
  A jackal skeleton (D:4)
  9 rats
147 creatures vanquished.

Notes
Turn   | Place    | Note
-------+----------+-------------------------------------------
     0 | D:1      | Nattfarinn the Minotaur Fighter began the quest for the
                  | Orb.
     0 | D:1      | Reached XP level 1. HP: 19/19 MP: 0/0
   158 | D:1      | Reached XP level 2. HP: 27/27 MP: 1/1
   169 | D:1      | Reached skill level 3 in Polearms
   684 | D:2      | Reached XP level 3. HP: 30/33 MP: 2/2
   880 | D:2      | Found an ancient bone altar of Kikubaaqudgha.
  1015 | D:2      | Reached skill level 4 in Polearms
  1048 | D:2      | Found a shimmering altar of Xom.
  1056 | D:2      | Found a shimmering altar of Xom.
  1062 | D:2      | Found a shimmering altar of Xom.
  1296 | D:2      | Reached XP level 4. HP: 39/41 MP: 3/3
  1497 | D:2      | Noticed Natasha
  1499 | D:2      | Killed Natasha
  1682 | D:2      | Noticed Natasha
  1689 | D:2      | Killed Natasha
  1689 | D:2      | Reached XP level 5. HP: 42/47 MP: 4/4
  1690 | D:2      | Noticed Natasha
  1697 | D:2      | Killed Natasha
  1697 | D:2      | Reached skill level 5 in Polearms
  2049 | D:3      | Reached skill level 5 in Fighting
  2542 | D:4      | Reached skill level 5 in Armour
  2589 | D:4      | Reached XP level 6. HP: 43/56 MP: 5/5
  2855 | D:4      | Found a staircase to the Ecumenical Temple.
  2868 | Temple   | Entered the Ecumenical Temple
  2989 | D:4      | Reached skill level 6 in Polearms
  3687 | D:4      | Noticed Dowan
  3688 | D:4      | Noticed Duvessa
  3707 | D:4      | Killed Duvessa
  3707 | D:4      | Reached XP level 7. HP: 37/62 MP: 6/6
  3713 | D:4      | Killed Dowan
  3713 | D:4      | Reached skill level 7 in Polearms
  4099 | D:5      | Entered Level 5 of the Dungeon
  4108 | D:5      | Found Saoreps's Book Boutique.
  4307 | D:5      | Found a white marble altar of Elyvilon.
  4852 | D:5      | Reached skill level 8 in Polearms
  4880 | D:5      | Reached XP level 8. HP: 66/71 MP: 7/7
  5299 | D:6      | Reached skill level 9 in Polearms
  5318 | D:6      | Found an iron altar of Okawaru.
  5389 | D:6      | Found Zihe's Magic Scroll Shoppe.
  5400 | D:6      | Found Gidwette's Armour Shop.
  5432 | D:6      | Reached skill level 10 in Polearms
  5434 | D:6      | Noticed Blork the orc
  5442 | D:6      | Killed Blork the orc
  5492 | D:6      | Found Uvo Yve's Assorted Antiques.
  5502 | D:6      | Noticed Grinder
  5513 | D:6      | Paralysed by Grinder for 7 turns
  5532 | D:6      | Killed Grinder
  5532 | D:6      | Reached XP level 9. HP: 43/81 MP: 8/8
  5537 | D:6      | Found Amocrew's Antique Armour Shoppe.
  5714 | D:6      | Bought an embroidered scarf for 136 gold pieces
  5742 | D:6      | Found a sparkling altar of Nemelex Xobeh.
  5879 | D:6      | Found a snail-covered altar of Cheibriados.
  5933 | D:6      | Became a worshipper of Warmaster Okawaru
  5990 | D:6      | Found an opulent altar of Gozag.
  6219 | D:7      | Noticed a two-headed ogre
  6228 | D:7      | Slain by a two-headed ogre

Skill      XL: |  1  2  3  4  5  6  7  8 |
---------------+-------------------------+-----
Polearms       | 3 4 5 6 8 10 | 10.7
Fighting       | 4 5 6 8 |  8.3
Armour         | 4 5 6 8 |  8.3
Shields        | |  3.6

Action                   |  1- 3 |  4- 6 |  7- 9 || total
-------------------------+-------+-------+-------++-------
Melee: Trident           |   111 |   184 |   255 ||   550
       Headbutt          |    10 |    30 |    37 ||    77
  Use: Scroll            |     3 |       |       ||     3
  Eat: Chunk             |     1 |     8 |     8 ||    17
Armor: Scale mail        |    42 |    50 |    59 ||   151
Dodge: Dodged            |    32 |    44 |    61 ||   137
Block: Shield            |    44 |    89 |    76 ||   209
